 Dungeon Crawl Stone Soup version 0.23.2-1-ga50397a6bc (webtiles) character file.

Game seed: 7346577780997760919

525 Mithandil the Slasher (level 7, -4/43 HPs)
             Began as a Tengu Berserker on May 29, 2019.
             Was a Believer of Trog.
             Killed by divine providence
             ... invoked by an orc priest
              (12 damage)
             ... on level 5 of the Dungeon.
             The game lasted 00:33:56 (2826 turns).

Mithandil the Slasher (Tengu Berserker)             Turns: 2826, Time: 00:33:56

Health: -4/43      AC:  9    Str: 17    XL:     7   Next: 23%
Magic:  8/8        EV:  9    Int:  8    God:    Trog [**....]
Gold:   255        SH:  0    Dex: 15    Spells: 6/6 levels left

rFire    . . .     SeeInvis .   b - +0 shortbow
rCold    . . .     Gourm    .   (shield currently unavailable)
rNeg     . . .     Faith    .   i - +0 chain mail
rPois    .         Spirit   .   (helmet restricted)
rElec    .         Reflect  .   (no cloak)
rCorr    .         Harm     .   (no gloves)
MR       .....                  (boots unavailable)
Stlth    ..........             (no amulet)
HPRegen  0.14/turn              s - +6 ring of slaying
MPRegen  0.11/turn              (no ring)

@: no status effects
A: beak, talons 3, able to fly
a: Fly, Berserk, Trog's Hand, Renounce Religion


You were on level 5 of the Dungeon.
You worshipped Trog.
Trog was pleased with you.
You were not hungry.

You visited 2 branches of the dungeon, and saw 7 of its levels.

You collected 255 gold pieces.

Inventory:

Hand Weapons
 a - a +0 falchion
 b - a +0 shortbow (weapon)
 r - a +3 whip of venom
Missiles
 h - 32 sling bullets
 j - 2 large rocks
 t - 19 bolts
 u - 177 stones
 w - 58 arrows (quivered)
 x - 2 poisoned tomahawks
 A - 3 needles of sleeping
Armour
 i - a +0 chain mail (worn)
 y - a +1 scale mail of fire resistance
Jewellery
 d - an uncursed ring of fire
 s - a +6 ring of slaying (left hand)
Wands
 o - a wand of flame (11)
Scrolls
 f - a scroll of enchant weapon
 m - a scroll of teleportation
 z - 2 scrolls of remove curse
Potions
 e - 4 potions of curing {unknown}
 g - 2 potions of resistance {unknown}
 k - a potion of might {unknown}
 n - 2 potions of magic {unknown}
 p - a potion of invisibility {unknown}
 q - a potion of degeneration {unknown}
Comestibles
 c - 5 rations
 l - 2 chunks of flesh


   Skills:
 + Level 4.2 Fighting
 * Level 5.7 Long Blades
 + Level 4.0 Armour
 + Level 3.9 Dodging
 + Level 2.8 Stealth


You had 6 spell levels left.
You didn't know any spells.
Your spell library was empty.

Dungeon Overview and Level Annotations

Branches:
Dungeon (6/15)             Temple (1/1) D:4

Altars:
Ashenzari
Cheibriados
Fedhas
Gozag
Hepliaklqana
Makhleb
Nemelex Xobeh
Qazlal
Ru
Sif Muna
Trog
Uskayaw
Vehumet
Wu Jian
Xom
Yredelemnul
Zin
The Shining One


Innate Abilities, Weirdness & Mutations

You have a beak for a mouth.
You have claws for feet.
You can fly continuously.


Message History

b - a +0 shortbow (weapon)
There is a stone staircase leading down here.
You climb downwards.
A crimson imp comes into view.
The crimson imp shouts!
Found a scroll labeled LUZIJEHO PUGG and a scale mail.
There is a stone staircase leading up here.
You climb upwards.
There is a stone staircase leading down here.
An orc and 2 orc priests come into view.
The orc priest shouts!
The orc shouts!
The orc priest shouts!
Really attack while wielding your +0 shortbow? [Y]es or [N]o only, please.
Really attack while wielding your +0 shortbow?
Okay, then.
The orc priest looks satisfied for a moment.
You are too injured to fight recklessly!
The orc priest calls down the wrath of Beogh upon you.
Beogh smites you!
You die...

.######## ...oo...# ######
#.#
.....###############o######
.....'..........@..o.....>#
.....###############..###.#
.....# #######.###...
.....# #........##.###
.....# #........##.# .....#
#...<....##.# ......
#.........#.# ###...
#.......#.#.# #...
#.......#...


You could see 2 orc priests.

Vanquished Creatures
  A phantom (D:4)
  2 centaurs
  A centaur zombie (D:5)
  A bullfrog zombie (D:5)
  A hound (D:4)
  2 jellies (D:5)
  A worker ant (D:4)
  A hound skeleton (D:5)
  4 adders
  A worm (D:2)
  2 dart slugs (D:2)
  3 leopard geckos
  3 orcs
  3 giant cockroaches
  3 goblins (D:3)
  7 hobgoblins
  8 kobolds
  3 quokkas
  3 bats
  A quokka skeleton (D:5)
  9 rats
  A spectral orc (D:2)
61 creatures vanquished.

Vanquished Creatures (others)
  5 toadstools (D:2)
5 creatures vanquished.

Grand Total: 66 creatures vanquished

Notes
Turn   | Place    | Note
-------+----------+-------------------------------------------
     0 | D:1      | Mithandil the Tengu Berserker began the quest for the Orb.
     0 | D:1      | Reached XP level 1. HP: 14/14 MP: 2/2
    44 | D:1      | Reached XP level 2. HP: 10/19 MP: 3/3
   407 | D:2      | Reached skill level 1 in Stealth
   407 | D:2      | Reached XP level 3. HP: 16/23 MP: 4/4
   756 | D:2      | Found a basalt altar of Yredelemnul.
   880 | D:2      | Reached skill level 4 in Long Blades
  1113 | D:2      | Found a stormy altar of Qazlal.
  1222 | D:2      | Reached ** piety under Trog
  1244 | D:2      | Found a shimmering altar of Xom.
  1311 | D:3      | Reached XP level 4. HP: 28/28 MP: 5/5
  1323 | D:3      | Noticed a centaur
  1478 | D:4      | Noticed a phantom
  1647 | D:3      | Killed a centaur
  1647 | D:3      | Gained mutation: You can fly continuously. [Tengu growth]
  1647 | D:3      | Reached XP level 5. HP: 32/32 MP: 6/6
  1708 | D:3      | Found a hide-covered altar of Uskayaw.
  1739 | D:3      | Found a bloodstained altar of Trog.
  1921 | D:5      | Entered Level 5 of the Dungeon
  1973 | D:4      | Reached XP level 6. HP: 35/38 MP: 7/7
  2080 | D:4      | Reached skill level 5 in Long Blades
  2281 | D:4      | Found a staircase to the Ecumenical Temple.
  2294 | Temple   | Entered the Ecumenical Temple
  2697 | D:4      | Killed a phantom
  2778 | D:5      | Reached XP level 7. HP: 2/43 MP: 8/8
  2779 | D:5      | HP: 1/43 [centaur (2)]
  2826 | D:5      | Killed from afar by an orc priest

Skill      XL: |  1  2  3  4  5  6  7 |
---------------+----------------------+-----
Stealth        | 1 2 |  2.8
Long Blades    | 4 5 |  5.7
Armour         | 3 4 |  4.0
Dodging        | 3 |  3.9
Fighting       | 4 |  4.2

Action                   |  1- 3 |  4- 6 |  7- 9 || total
-------------------------+-------+-------+-------++-------
Melee: Falchion          |    59 |    75 |     3 ||   137
       Peck              |     9 |    16 |     1 ||    26
       Kick              |    13 |    37 |     1 ||    51
       Whip              |       |    15 |       ||    15
Invok: Trog's Hand       |       |     2 |       ||     2
  Use: Scroll            |     4 |     6 |       ||    10
 Stab: Sleeping          |     1 |       |       ||     1
  Eat: Chunk             |       |     3 |       ||     3
       Ration            |       |     1 |       ||     1
Armor: Chain mail        |    23 |    44 |     3 ||    70
Dodge: Dodged            |    26 |    43 |     3 ||    72
       Rpst.: Falchion   |     9 |    12 |     1 ||    22
